 Dungeon Crawl Stone Soup version 0.29.0-15-g675c0067aa (webtiles) character file.

Game seed: 10303030539247248273

6 qw the Sneak (level 1, -9/14 HPs)
             Began as a Gargoyle Delver on Sept 11, 2022.
             Mangled by an iguana (11 damage)
             ... on level 5 of the Dungeon.
             The game lasted 00:00:02 (47 turns).

qw the Sneak (Gargoyle Delver)                        Turns: 47, Time: 00:00:02

Health: -9/14      AC:  5    Str: 15    XL:     1   Next: 90%
Magic:  1/1        EV: 11    Int: 10    God:
Gold:   15         SH:  0    Dex: 11    Spells: 0/0 levels left

rFire   . . .      SeeInvis .   a - +0 hand axe
rCold   . . .      Faith    .   (no shield)
rNeg    + . .      Spirit   .   b - +0 leather armour
rPois   inf        Reflect  .   (no helmet)
rElec   +          Harm     .   (no cloak)
rCorr   .          Rampage  .   (no gloves)
Will    .....                   (no boots)
Stlth   +++.......              (no amulet)
HPRegen 0.04/turn               (no ring)
MPRegen 0.07/turn               (no ring)

@: no status effects
A: sickness immunity, AC +2, negative energy resistance 1, electricity
resistance, torment resistance 1, petrification resistance
a: no special abilities


You were on level 5 of the Dungeon.
You visited 1 branch of the dungeon, and saw 1 of its levels.

You collected 15 gold pieces.


Innate Abilities, Weirdness & Mutations

You are immune to sickness and miasma.
Your stone body is resilient. (AC +2)
You are immune to poison.
You resist negative energy. (rN+)
You are resistant to electric shocks. (rElec)
You are resistant to unholy torment.
You are immune to petrification.


   Skills:
 - Level 3.2 Fighting
 + Level 2.3 Axes
 - Level 1.5 Dodging
 - Level 5.4 Stealth


You couldn't memorise any spells.
You didn't know any spells.
Your spell library was empty.

Inventory:

Hand Weapons
 a - a +0 hand axe (weapon)
Armour
 b - a +0 leather armour (worn)
 h - a +0 pair of gloves
Wands
 g - a wand of digging (3)
Scrolls
 c - a scroll of fog
 d - a scroll of magic mapping
 e - a scroll of fear
Potions
 f - a potion of haste

Dungeon Overview and Level Annotations

Branches:
Dungeon (5/15)
 Temple: D:4-7

Altars:


Message History

0 ||| PLANNING D:1-11
Found an escape hatch in the floor.
You now have 15 gold pieces.
h - a +0 pair of gloves An orc comes into view.
It is wielding a +0 club.
The orc shouts!
You hear a shout! x2
An orc comes into view. It is wielding a +0 flail.
An orc comes into view. It is wielding a +0 short sword.
The orc closely misses you.
You barely miss the orc. The orc hits you but does no damage.
You slash the orc!
You kill the orc!
Your Axes skill increases to level 2!
You slash the orc!
You kill the orc!
An iguana comes into view.
The iguana hisses angrily.
You hit the orc.
The orc is almost dead.
The orc hits you but does no damage.
You hit the orc but do no damage.
The orc is almost dead.
The orc closely misses you. The orc hits you with a +0 flail.
You hit the orc.
The orc is almost dead.
The orc hits you but does no damage.
You hit the orc.
You kill the orc!
You hit the iguana but do no damage. The iguana bites you.
You hit the iguana.
The iguana is lightly wounded.
The iguana bites you!
Ouch! That really hurt!
You hit the iguana but do no damage.
The iguana is lightly wounded.
The iguana bites you!
Ouch! That really hurt!
You die...

#.#..........#.#
#...#.##.....# #
#...#.##.#.#.#
#.##.##........#
........#.#.#..#
###.###.#........
#........##.###
..#.#####.##.# .#
......l@..# .# #
..#.####### ##


You could see an iguana.

Vanquished Creatures
  3 orcs (D:5)
3 creatures vanquished.

Notes
Turn   | Place    | Note
-------+----------+-------------------------------------------
     0 | D:5      | qw the Gargoyle Delver began the quest for the Orb.
     0 | D:5      | Reached XP level 1. HP: 14/14 MP: 1/1
     0 | D:5      | 0 ||| qw: Version: 0.1-a-117-gfe26ee0
     0 | D:5      | 0 ||| qw: Game counter: 9877
     0 | D:5      | 0 ||| qw: Always use a shield: true
     0 | D:5      | 0 ||| qw: God list: Okawaru
     0 | D:5      | 0 ||| qw: Allow faded altars: false
     0 | D:5      | 0 ||| qw: Do Orc after D:15 true
     0 | D:5      | 0 ||| qw: Do second Lair branch before Depths: true
     0 | D:5      | 0 ||| qw: Lair rune preference: random
     0 | D:5      | 0 ||| qw: Plans: Normal
     0 | D:5      | 0 ||| PLANNING D:1-11
    39 | D:5      | Noticed an iguana
    46 | D:5      | HP: 1/14 [iguana (9)]
    47 | D:5      | Mangled by an iguana

Levels and vault maps discovered:
D:5:      layout_loops_cross, serial_co_window_serial, co_window_paths_a,
          co_window_paths_a, co_window_of_opportunity_a, co_window_paths_b,
          co_window_of_opportunity_a, co_window_paths_a, co_window_cross_1,
          co_window_broadway_a, co_window_cross_2, co_window_broadway_b,
          co_window_broadway_b, glass_columns_a, glass_columns_a,
          glass_columns_b, glass_columns_a, glass_columns_b

Skill      XL: |  1 |
---------------+----+-----
Axes           | 2 |  2.3
Fighting       | |  3.2
Dodging        | |  1.5
Stealth        | |  5.4

Action                   || total
-------------------------++-------
Melee: Hand axe          ||    10
Armor: Leather armour    ||     3
Dodge: Dodged            ||     2

Table legend:
 A = Non-vault XP
 B = Vault XP
 C = Vault XP percentage of total XP
 D = Non-vault monster count
 E = Vault monster count
 F = Vault count percentage of total count
                 A         B        C        D         E       F
            +---------+---------+-------+---------+---------+-------
      Total |       9 |       0 |   0.0 |       3 |       0 |   0.0
            +---------+---------+-------+---------+---------+-------
        D:5 |       9 |       0 |   0.0 |       3 |       0 |   0.0
            +---------+---------+-------+---------+---------+-------
